 Dungeon Crawl Stone Soup version 0.30.1-4-g462c640d31 (webtiles) character file.

Game seed: 13058423157857817977

2266 hawla the Arsonist (level 9, -4/63 HPs)
             Began as a Meteoran Fire Elementalist on Aug 15, 2023.
             Slain by Joseph
             ... wielding a +0 quarterstaff
              (7 damage)
             ... on level 7 of the Dungeon.
             The game lasted 00:11:34 (2255 turns).

hawla the Arsonist (Meteoran Fire Elementalist)     Turns: 2255, Time: 00:11:35

Health: -4/63      AC:  3    Str:  9    XL:     9   Next: 96%
Magic:  2/23       EV: 13    Int: 20    God:
Gold:   108        SH:  5    Dex: 17    Spells: 20/27 levels left

rFire   . . .        n - +3 morningstar
rCold   . . .        (no shield)
rNeg    . . .        a - +0 robe
rPois   .            (no helmet)
rElec   .            (no cloak)
rCorr   +            (no gloves)
SInv    .            r - +0 pair of boots
Will    +....        k - amulet of reflection
Stlth   +            c - ring of resist corrosion
HPRegen 0.30/turn    (no ring)
MPRegen 0.18/turn

%: reflection
@: about to teleport, glowing
A: sense surroundings 2, otherworldly, glowing, explore regen
a: no special abilities


You were on level 7 of the Dungeon.
You visited 1 branch of the dungeon, and saw 7 of its levels.

You collected 108 gold pieces.

Inventory:

Hand Weapons
 n - a +3 morningstar (weapon)
Armour
 a - a +0 robe (worn)
 r - a +0 pair of boots (worn)
Magical Staves
 s - a staff of conjuration
Jewellery
 c - a ring of resist corrosion (left hand)
 k - an amulet of reflection (around neck)
Wands
 i - a wand of mindburst (11)
 l - a wand of quicksilver (12)
 q - a wand of charming (7)
Scrolls
 b - a scroll of enchant weapon {unknown}
 f - a scroll of amnesia
 o - 3 scrolls of identify {unknown}
 p - a scroll of fog {unknown}
Potions
 e - 2 potions of attraction {unknown}
 g - a potion of brilliance {unknown}
 h - a potion of curing
 j - a potion of cancellation {unknown}
 m - a potion of berserk rage {unknown}


   Skills:
 + Level 0.7 Fighting
 + Level 3.8 Dodging
 - Level 1.4 Stealth
 + Level 9.5 Spellcasting
 + Level 6.2 Conjurations
 + Level 9.7 Fire Magic


You had 20 spell levels left.
You knew the following spells:

 Your Spells              Type           Power      Damage    Failure   Level
a - Foxfire               Conj/Fire      100%       2x1d9     1%          1
b - Scorch                Fire           96%        2d9       1%          2
c - Flame Wave            Conj/Fire      41%        2d11      2%          4

Your spell library contained the following spells:

 Spells                   Type           Power      Damage    Failure   Level
 Sticky Flame             Conj/Fire      41%        2d6       2%          4
 Inner Flame              Hex/Fire       29%        N/A       3%          3
 Volatile Blastmotes      Fire/Tloc      58%        2d14      3%          3
 Lesser Beckoning         Tloc           18%        N/A       11%         2
 Gell's Gravitas          Tloc           9%         N/A       22%         3
 Teleport Other           Tloc           9%         N/A       22%         3


Dungeon Overview and Level Annotations

Branches:
Dungeon (7/15) Zot: 1941
 Temple: D:4-7

Altars:
Elyvilon
Hepliaklqana
Uskayaw

Annotations:
D:7 Joseph


Innate Abilities, Weirdness & Mutations

You passively map the area around you.
You are easily found by Zot.
You glow in the dark.
You regain HP and MP as you explore.


Message History

Confirm with . or Enter, or press ? or * to list all spells.
Flames lash Joseph.
Joseph is almost dead.
Joseph's fire resistance burns away.
The shadow imp shouts, "Crawl home, thou froward knotty-pated buzzard-bait!"
Joseph drinks a potion.
Joseph is healed!
Casting: Scorch (safe; 1% risk of failure)
Confirm with . or Enter, or press ? or * to list all spells.
Flames lash Joseph.
Joseph is burned terribly!
Joseph is almost dead.
Joseph drinks a potion.
Joseph is healed!
Unknown command.
As you read the scroll of teleportation, it crumbles to dust.
You feel strangely unstable.
Joseph says, "You must be punished!
Or...
I want to punish you!" Joseph barely misses you.
You feel better. Joseph barely misses you.
Casting: Scorch (safe; 1% risk of failure)
Confirm with . or Enter, or press ? or * to list all spells.
Casting: Flame Wave (dangerous; 2% risk of failure)
Press: ? - help, Dir - look around, f - activate A wave of flame ripples out!
The flame wave engulfs the shadow imp.
The shadow imp is lightly wounded.
The flame wave engulfs Joseph!!
Joseph is burned terribly!
Joseph is severely wounded. (Press . to intensify the flame waves.)
The shadow imp hits you.
* * * LOW HITPOINT WARNING * * *
Joseph hits you with a +0 quarterstaff!
* * * LOW HITPOINT WARNING * * *
A wave of flame ripples out!
The flame wave engulfs the shadow imp!
The shadow imp is severely wounded.
The flame wave engulfs Joseph!
Joseph is burned terribly!
Joseph is almost dead.
You hear a bark!
The shadow imp shouts, "Scamper home, thou lumpish dizzy-eyed baggage!"
The shadow imp hits you.
* * * LOW HITPOINT WARNING * * *
Joseph hits you with a +0 quarterstaff!
You die...

, , ,* .....
,.... *, ... *
#..*** ** # .. ,
,, ##.##.######
** * * , ,
8#..........# ,,
#..5@@...# , , ,
, ,
,,............#*
, , ,,
,#.##...........,
,, ,
,,#.........### ,
, ...##.#.####* ,
.### #. .# , * *
,, , , ..,.., *
,, , *#. .#* * ,*
** ,,, ,, * ***


You could see Joseph (combustible) and a shadow imp.

Vanquished Creatures
  Sigmund (D:6)
  A steam dragon (D:4)
  A water moccasin (D:5)
  2 sky beasts (D:6)
  A black bear (D:5)
  An ogre (D:6)
  A centaur (D:5)
  A phantom (D:7)
  A bullfrog (D:7)
  3 scorpions
  14 wights (D:6)
  4 hounds
  2 jellies
  2 orc wizards
  3 iguanas
  4 gnolls (D:5)
  An adder (D:4)
  2 ufetubi
  2 dart slugs (D:4)
  14 orcs
  3 ball pythons
  An endoplasm (D:4)
  2 giant cockroaches (D:4)
  3 goblins
  A hobgoblin (D:4)
  6 jackals
  3 quokkas
  A kobold (D:2)
  4 rats
85 creatures vanquished.

Vanquished Creatures (others)
  113 foxfires
113 creatures vanquished.

Grand Total: 198 creatures vanquished

Notes
Turn   | Place    | Note
-------+----------+-------------------------------------------
     0 | D:1      | hawla the Meteoran Fire Elementalist began the quest for
                  | the Orb.
     0 | D:1      | Reached XP level 1. HP: 14/14 MP: 5/5
    47 | D:2      | Reached XP level 2. HP: 20/20 MP: 2/6
   122 | D:2      | Reached XP level 3. HP: 26/26 MP: 1/8
   126 | D:2      | Reached XP level 4. HP: 18/33 MP: 9/9
   201 | D:4      | Learned a level 2 spell: Scorch
   223 | D:4      | Learned a level 4 spell: Flame Wave
   272 | D:5      | Entered Level 5 of the Dungeon
   304 | D:4      | Noticed a steam dragon
   309 | D:4      | Killed a steam dragon
   310 | D:4      | Reached XP level 5. HP: 38/38 MP: 2/11
   310 | D:4      | Reached XP level 6. HP: 45/45 MP: 2/12
   316 | D:4      | Reached skill level 5 in Fire Magic
   390 | D:4      | Reached skill level 5 in Conjurations
   409 | D:4      | Found Xerodwun's General Store.
   748 | D:5      | Identified the +7 chain mail of Gravitas {Harm Str-3 Int+7
                  | Stlth+}
   873 | D:5      | Reached XP level 7. HP: 50/50 MP: 9/14
  1089 | D:5      | Reached skill level 5 in Spellcasting
  1096 | D:5      | Reached XP level 8. HP: 57/57 MP: 4/17
  1311 | D:5      | Found a hazy altar of Hepliaklqana.
  1635 | D:6      | Gained mutation: You passively map the area around you.
                  | [Meteoran growth]
  1635 | D:6      | Reached XP level 9. HP: 62/62 MP: 15/20
  1663 | D:6      | Found a hide-covered altar of Uskayaw.
  1673 | D:6      | Noticed Sigmund
  1704 | D:6      | Killed Sigmund
  1799 | D:6      | Found a white marble altar of Elyvilon.
  2242 | D:7      | Noticed Joseph
  2255 | D:7      | HP: 3/63 [shadow imp (4)]
  2255 | D:7      | Slain by Joseph

Illustrated notes

Levels and vault maps discovered:
D:1:      dpeg_arrival_arbitrary_c, layout_loops_corners
D:2:      layout_basic, nicolae_kite_square_tiling_tiny
D:3:      minmay_door_path, layout_loops_corners, overflow_temple_1_default,
          grunt_temple_overflow_holy_war
D:4:      layout_rooms, serial_shops, shop
D:5:      layout_loops_ring, lemuel_coloured_pillars_altar
D:6:      layout_loops_ring, mainiacjoe_overflow_alcove_4,
          eat_drink_and_be_merry_uskayaw, uniq_sigmund
D:7:      layout_rooms, temple_statues, serial_shops,
          nicolae_shop_getting_attention, hangedman_decor_lopped,
          dilly_guarded_unrand_throatcut, uniq_joseph

Skill      XL: |  1  2  3  4  5  6  7  8  9 |
---------------+----------------------------+-----
Fire Magic     | 4 5 6 8 9 |  9.7
Spellcasting   | 3 4 5 7 9 |  9.5
Conjurations   | 4 5 6 |  6.2
Dodging        | 3 |  3.8
Fighting       | |  0.7
Stealth        | |  1.4

Action                     |  1- 3 |  4- 6 |  7- 9 || total
---------------------------+-------+-------+-------++-------
  Melee: Unarmed           |     1 |     6 |     1 ||     8
         Mace              |       |       |     5 ||     5
         Morningstar       |       |       |     3 ||     3
   Cast: Foxfire           |    20 |    22 |    25 ||    67
         Scorch            |       |    13 |    47 ||    60
         Flame Wave        |       |       |    12 ||    12
    Use: Potion            |     1 |       |     1 ||     2
         Scroll            |       |     3 |     1 ||     4
 Armour: Robe              |       |     2 |     4 ||     6
  Dodge: Dodged            |     1 |    16 |    29 ||    46
  Block: Other             |       |       |     7 ||     7
